 Dungeon Crawl Stone Soup version 0.28.0-49-g6dfe1f597d (webtiles) character file.

Game seed: 17066689746829122006

66 Exodus22XD the Covered (level 3, -7/34 HPs)
             Began as a Deep Dwarf Fighter on May 14, 2022.
             Mangled by an iguana (9 damage)
             ... on level 2 of the Dungeon.
             The game lasted 00:00:48 (829 turns).

Exodus22XD the Covered (Deep Dwarf Fighter)          Turns: 829, Time: 00:00:49

Health: -7/34      AC:  7    Str: 21    XL:     3   Next: 96%
Magic:  3/3        EV:  9    Int:  8    God:
Gold:   62         SH:  4    Dex: 12    Spells: 2/2 levels left

rFire   . . .      SeeInvis .   a - +0 war axe
rCold   . . .      Faith    .   c - +0 buckler
rNeg    . . .      Spirit   .   b - +0 scale mail
rPois   .          Reflect  .   (no helmet)
rElec   .          Harm     .   (no cloak)
rCorr   .          Rampage  .   (no gloves)
Will    .....                   (no boots)
Stlth   ..........              (no amulet)
HPRegen 0.00/turn               (no ring)
MPRegen 0.08/turn               (no ring)

@: no status effects
A: damage resistance, heal wounds, sense surroundings 1, no regeneration
a: Heal Wounds


You were on level 2 of the Dungeon.
You visited 1 branch of the dungeon, and saw 2 of its levels.

You collected 62 gold pieces.

Inventory:

Hand Weapons
 a - a +0 war axe (weapon)
Armour
 b - a +0 scale mail (worn)
 c - a +0 buckler (worn)
Scrolls
 e - a scroll of teleportation {unknown}
 g - a scroll of magic mapping {unknown}
 i - 2 scrolls of fear {unknown}
 j - a scroll of identify {unknown}
 k - a scroll of fog {unknown}
Potions
 d - a potion of might
 f - a potion of curing {unknown}
 h - a potion of mutation {unknown}
 l - a potion of degeneration {unknown}


   Skills:
 + Level 3.1 Fighting
 + Level 3.3 Axes
 + Level 3.8 Armour
 + Level 3.8 Shields


You had 2 spell levels left.
You didn't know any spells.
Your spell library was empty.

Dungeon Overview and Level Annotations

Branches:
Dungeon (2/15)

Altars:


Innate Abilities, Weirdness & Mutations

You are resistant to damage.
You can heal yourself by infusing magical energy.
You passively map a small area around you.
You do not regenerate.


Message History

The hobgoblin shouts!
The goblin shouts!
You hear an angry hiss.
The goblin unwields a +0 dagger.
The goblin wields a +0 hunting sling.
The goblin shoots a stone.
The stone hits you but does no damage.
You are too injured to fight recklessly!
There are monsters nearby!
You are too injured to fight recklessly!
There are monsters nearby!
You are too injured to fight recklessly!
You are too injured to fight recklessly!
The hobgoblin hits you.
You barely miss the hobgoblin. You barely miss the goblin.
The hobgoblin closely misses you.
The goblin unwields a +0 hunting sling.
The goblin wields a +0 dagger.
The goblin hits you with a +0 dagger.
The hobgoblin hits you but does no damage.
You closely miss the hobgoblin. You hit the goblin but do no damage.
You block the goblin's attack. The hobgoblin barely misses you.
You block the goblin's attack.
You hit the hobgoblin but do no damage. You barely miss the goblin.
The hobgoblin hits you but does no damage.
You block the goblin's attack.
An iguana comes into view.
You closely miss the hobgoblin. You completely miss the goblin.
The hobgoblin hits you but does no damage.
The goblin hits you but does no damage. The hobgoblin hits you.
The goblin hits you but does no damage.
You barely miss the hobgoblin. You hit the goblin.
The hobgoblin hits you but does no damage.
The goblin closely misses you. The iguana bites you!
* * * LOW HITPOINT WARNING * * *
You slash the hobgoblin!
You kill the hobgoblin!
You hit the iguana but do no damage. You barely miss the goblin.
The goblin completely misses you. The iguana closely misses you.
The goblin barely misses you. The iguana closely misses you.
The goblin hits you but does no damage.
Found 16 arrows.
The goblin unwields a +0 dagger.
The goblin wields a +0 hunting sling.
The goblin shoots a stone.
The stone closely misses you.
You barely miss the iguana. The iguana bites you!
You die...

** * #### ** #... ...##
* #, ,,.(######...## *
*#.##.###............#
* .......@#.# ....#
#.##.##l#.# #.#.# ..##
#g#.#######.#.## *
.....##........##....##
, #......####.##†....#
, ####.### ##.##....##
, #.# #.....#.## * *
#.#####..####.#### *
#.#...............


You could see an iguana and a goblin.

Vanquished Creatures
  2 adders (D:2)
  A dart slug (D:1)
  4 ball pythons
  5 bats
  3 endoplasms
  3 goblins (D:1)
  3 hobgoblins
  8 jackals
  3 quokkas
  A frilled lizard (D:1)
  5 kobolds
  2 rats (D:1)
40 creatures vanquished.

Vanquished Creatures (others)
  2 plants (D:1)
2 creatures vanquished.

Grand Total: 42 creatures vanquished

Notes
Turn   | Place    | Note
-------+----------+-------------------------------------------
     0 | D:1      | Exodus22XD the Deep Dwarf Fighter began the quest for the
                  | Orb.
     0 | D:1      | Reached XP level 1. HP: 20/20 MP: 1/1
    92 | D:1      | Reached XP level 2. HP: 27/27 MP: 2/2
   285 | D:1      | Reached XP level 3. HP: 25/34 MP: 3/3
   829 | D:2      | Mangled by an iguana

Illustrated notes

Levels and vault maps discovered:
D:1:      erik_arrival_cave_to_civilisation [erik_arrival_cave_to_hall],
          layout_rooms, serial_bayou, serial_bayou_lagoon_a,
          serial_bayou_pond_b, serial_bayou_shore_b, serial_bayou_pond_a,
          grunt_decor_one_mirror, minmay_vboxes
D:2:      layout_loops_ring, kennysheep_path_1

Skill      XL: |  1  2  3 |
---------------+----------+-----
Fighting       | 3 |  3.1
Axes           | 3 |  3.3
Armour         | |  3.8
Shields        | |  3.8

Action                   || total
-------------------------++-------
Melee: War axe           ||   106
Armor: Scale mail        ||    82
Dodge: Dodged            ||    67
Block: Buckler           ||    35
